Map: Dash and Terminal LE (Void)

Players

ArchangeL - Winner!

  • Race: Terran Terran
  • League: Diamond

SmittyWerben

  • Race: Protoss Protoss
  • League: Master

VOD

Have the link to the VOD?

Description

Time

  • Played on: Sept. 7, 2015, 12:32 p.m.
  • Length: 8:00
Show
View Real Time Build Order
Export as new Build Order

ArchangeL Terran - Winner!

Build Orders:  

Get SALT Encoding   

  12  0:00  SCV  
  13  0:14  SCV  
  14  0:17  Supply Depot  
  14  0:24  Refinery  
  14  0:27  SCV  
  15  0:39  SCV  
  16  0:44  Barracks  
  16  0:51  SCV  
  17  1:04  SCV  
  18  1:16  SCV  
  19  1:32  Barracks Reactor, Orbital Command  
  19  1:43  Command Center  
  19  1:56  Factory  
  19  1:58  SCV  
  20  2:07  Supply Depot  
  20  2:10  SCV  
  20  2:11  Marine  
  20  2:12  Marine  
  23  2:28  SCV, Marine  
  25  2:30  Marine  
  25  2:33  Bunker  
  26  2:40  SCV, Refinery, Widow Mine  
  29  2:46  Marine  
  29  2:48  Marine  
  31  2:55  SCV  
  31  2:57  Orbital Command  
  32  3:04  Marine  
  33  3:06  Marine  
  33  3:12  Widow Mine  
  34  3:15  Starport  
  36  3:23  Orbital Command  
  36  3:24  SCV  
  36  3:26  Marine x2  
  39  3:36  SCV  
  39  3:37  Barracks  
  40  3:42  Engineering Bay  
  40  3:43  Supply Depot  
  40  3:46  Factory Tech Lab  
  40  3:47  Marine x2  
  42  3:53  SCV  
  43  3:59  SCV  
  43  4:01  Bunker  
  49  4:11  Missile Turret  
  49  4:14  Viking  
  49  4:16  Marine x2  
  51  4:22  Widow Mine  
  50  4:24  Barracks Tech Lab  
  50  4:25  SCV x2  
  50  4:27  Barracks  
  52  4:35  Marine  
  54  4:40  Marine  
  54  4:42  SCV x2  
  54  4:44  Supply Depot  
  56  4:49  Viking  
  55  5:11  SCV x2  
  55  5:14  Marine x2  
  56  5:23  SCV  
  56  5:38  Marauder  
  56  5:39  Barracks Reactor, Starport Reactor  
  56  5:41  SCV x2  
  56  5:42  Barracks x2  
  60  5:46  Stimpack  
  60  5:48  Refinery  
  60  5:49  Command Center, Refinery  
  60  5:53  SCV x2  
  60  5:54  Siege Tank  
  65  6:05  SCV x2  
  65  6:10  Barracks Reactor, Marauder  
  69  6:18  Marine  
  69  6:23  Medivac x2, Marine  
  75  6:25  Supply Depot  
  75  6:26  Supply Depot x3  
  75  6:40  Marauder, Marine  
  75  6:47  Siege Tank, Marine x2  
  78  6:48  Marine x2  
  78  6:49  Marine  
  86  6:58  Marine  
  85  7:02  Marauder  
  85  7:04  Marine x2, Medivac x2  
  93  7:09  Supply Depot, Orbital Command  
  93  7:10  SCV x2, Supply Depot  
  95  7:22  SCV  
  95  7:23  SCV  
  94  7:34  Marine  
  94  7:35  Marauder, Marine x3  
Show
View Real Time Build Order
Export as new Build Order

SmittyWerben Protoss 

Build Orders:  

Get SALT Encoding   

  12  0:05  Probe (Chrono Boost)  
  13  0:15  Probe (Chrono Boost)  
  13  0:19  Pylon  
  14  0:25  Probe (Chrono Boost)  
  15  0:37  Probe (Chrono Boost)  
  15  0:39  Gateway  
  16  0:48  Probe (Chrono Boost)  
  17  0:54  Assimilator  
  17  0:57  Assimilator  
  17  0:58  Probe (Chrono Boost)  
  18  1:09  Probe (Chrono Boost)  
  19  1:14  Pylon  
  19  1:19  Probe (Chrono Boost)  
  20  1:26  Cybernetics Core  
  20  1:29  Probe (Chrono Boost)  
  21  1:43  Probe (Chrono Boost)  
  22  1:53  Probe (Chrono Boost)  
  23  2:03  Stargate  
  23  2:08  Mothership Core (Chrono Boost)  
  25  2:13  Pylon  
  25  2:34  Probe (Chrono Boost)  
  26  2:44  Probe (Chrono Boost)  
  26  2:48  Fleet Beacon  
  27  2:54  Probe (Chrono Boost)  
  28  3:04  Probe (Chrono Boost)  
  29  3:07  Nexus  
  29  3:11  Pylon  
  29  3:14  Probe (Chrono Boost)  
  31  3:30  Tempest (Chrono Boost)  
  34  3:35  Probe  
  35  3:42  Pylon  
  35  3:47  Probe  
  36  4:00  Probe  
  37  4:07  Tempest (Chrono Boost)  
  41  4:12  Probe  
  42  4:20  Probe  
  42  4:24  Probe  
  44  4:30  Probe  
  44  4:36  Probe  
  46  4:40  Probe  
  51  4:48  Probe  
  51  4:50  Probe  
  51  4:51  Assimilator  
  51  4:52  Warp Gate  
  53  4:54  Assimilator  
  53  4:57  Pylon  
  52  5:00  Probe  
  49  5:13  Probe  
  50  5:29  Probe  
  50  5:34  Probe  
  47  5:41  Probe  
  49  5:44  Probe  
  49  5:48  Stargate  
  49  5:49  Stargate  
  50  5:51  Pylon  
  50  5:53  Probe  
  50  5:54  Probe  
  52  5:57  Forge  
  52  5:59  Pylon  
  48  6:04  Probe  
  48  6:05  Probe  
  48  6:06  Pylon  
  50  6:13  Pylon  
  50  6:14  Probe  
  50  6:15  Pylon  
  50  6:18  Pylon  
  51  6:19  Probe  
  51  6:24  Probe, Nexus  
  52  6:27  Pylon  
  52  6:28  Pylon  
  52  6:31  Probe  
  62  6:49  Fleet Beacon  
  62  6:50  Void Ray x2 (Chrono Boost), Pylon  
  62  6:51  Pylon  
  62  6:53  Pylon  
  62  7:02  Probe  
  62  7:03  Probe  
  62  7:08  Photon Cannon  
  58  7:09  Photon Cannon  
  58  7:13  Probe  
  59  7:15  Probe  
  60  7:26  Probe  
  60  7:28  Probe, Adept  
  54  7:38  Probe  
  54  7:40  Probe  
  65  7:52  Adept  
Tags
 
Add a new tag
Caveats
  • Supply blocks, unpowered buildings, or Contaminate may cause inaccurate times.
  • Supply counts are checked every 10 seconds.